 Dungeon Crawl Stone Soup version 0.28.0-53-g5a82cb258f (webtiles) character file.

Game seed: 14244221556797827003

16 nickcage the Vexing (level 2, -2/13 HPs)
             Began as a Spriggan Enchanter on June 27, 2022.
             Slain by Natasha (5 damage)
             ... on level 2 of the Dungeon.
             The game lasted 00:03:34 (1475 turns).

nickcage the Vexing (Spriggan Enchanter)            Turns: 1475, Time: 00:03:34

Health: -2/13      AC:  3    Str:  4    XL:     2   Next: 41%
Magic:  0/6        EV: 17    Int: 16    God:
Gold:   85         SH:  0    Dex: 15    Spells: 4/6 levels left

rFire   . . .      SeeInvis +   a - +1 dagger
rCold   . . .      Faith    .   (no shield)
rNeg    . . .      Spirit   .   b - +0 robe
rPois   .          Reflect  .   (helmet restricted)
rElec   .          Harm     .   h - +0 cloak
rCorr   .          Rampage  .   (gloves unavailable)
Will    .....                   (boots unavailable)
Stlth   +++.......              (no amulet)
HPRegen 0.04/turn               (no ring)
MPRegen 0.10/turn               (no ring)

@: very quick
A: very small, no large weapons, unfitting armour, see invisible, speed 3
a: no special abilities


You were on level 2 of the Dungeon.
You visited 1 branch of the dungeon, and saw 2 of its levels.

You collected 85 gold pieces.

Inventory:

Hand Weapons
 a - a +1 dagger (weapon)
Missiles
 g - 4 boomerangs
Armour
 b - a +0 robe (worn)
 h - a +0 cloak (worn)
Scrolls
 d - a scroll of holy word {unknown}
 e - a scroll of enchant armour {unknown}
 f - 2 scrolls of identify {unknown}
 i - a scroll of noise {unknown}
Potions
 c - a potion of invisibility


   Skills:
 - Level 1.1 Short Blades
 - Level 2.6 Dodging
 - Level 4.4 Stealth
 + Level 2.8 Spellcasting
 + Level 4.6 Hexes


You had 4 spell levels left.
You knew the following spells:

 Your Spells              Type           Power      Damage    Failure   Level
a - Ensorcelled Hibernat  Hex/Ice        18%        N/A       11%         2

Your spell library contained the following spells:

 Spells                   Type           Power      Damage    Failure   Level
 Confusing Touch          Hex            17%        N/A       9%          3
 Tukima's Dance           Hex            17%        N/A       9%          3
 Dazzling Flash           Conj/Hex       18%        N/A       22%         3


Dungeon Overview and Level Annotations

Branches:
Dungeon (2/15)

Altars:

Annotations:
D:2 Natasha


Innate Abilities, Weirdness & Mutations

You are very small and have problems with some larger weapons.
You are too small for most types of armour.
You have supernaturally acute eyesight. (SInv)
You cover ground extremely quickly. (Speed+++)


Message History

There is a stone staircase leading up here.
A goblin is nearby!
The goblin looks drowsy...
The helpless goblin fails to defend itself.
You puncture the goblin!
You kill the goblin!
Magic restored.
Found a weird smoking staff.
Found 17 arrows.
You see here a staff of fire.
You now have 85 gold pieces (gained 10).
f - 2 scrolls labelled TEXU GOENON (gained 1) Natasha, Servant of Life and Death comes into view.
Natasha hisses angrily.
Natasha howls an incantation.
Natasha shimmers violently.
Natasha casts a spell at you. The magic dart hits you!
Ouch! That really hurt!
* * * LOW HITPOINT WARNING * * *
You are too injured to fight recklessly!
Aiming: Ensorcelled Hibernation (safe; 11% risk of failure)
Press: ? - help, Q - select action, (/) - cycle Shift-Dir - straight line, f - Natasha
Aim: Natasha (chance to affect: 43%) Natasha resists with some effort.
Aiming: Ensorcelled Hibernation (safe; 11% risk of failure)
Press: ? - help, Q - select action, (/) - cycle Shift-Dir - straight line, f/p - Natasha
Aim: Natasha (chance to affect: 43%) Natasha resists with some effort.
Aiming: Ensorcelled Hibernation (safe; 11% risk of failure)
Press: ? - help, Q - select action, (/) - cycle Shift-Dir - straight line, f/p - Natasha
Aim: Natasha (chance to affect: 43%) Natasha resists with some effort.
Natasha closely misses you.
You barely miss Natasha.
Natasha casts a spell.
You hit Natasha.
Natasha is lightly wounded.
Natasha claws you.
You die...

######
.....########
#######........#
#.........@h5..#
#.####.........#
#.........#
#.........+
#.........# ..
#..#####+##
..#######..#
..........#
#.#....#..#


You could see Natasha and a shadow imp (summoned).

Vanquished Creatures
  A dart slug (D:1)
  A ball python (D:1)
  A bat (D:1)
  2 goblins
  2 hobgoblins (D:1)
  A quokka (D:1)
  A frilled lizard (D:1)
  5 rats (D:1)
14 creatures vanquished.

Notes
Turn   | Place    | Note
-------+----------+-------------------------------------------
     0 | D:1      | nickcage the Spriggan Enchanter began the quest for the
                  | Orb.
     0 | D:1      | Reached XP level 1. HP: 9/9 MP: 5/5
   444 | D:1      | Reached XP level 2. HP: 13/13 MP: 6/6
   447 | D:1      | Learned a level 2 spell: Ensorcelled Hibernation
  1467 | D:2      | Noticed Natasha
  1475 | D:2      | Slain by Natasha

Illustrated notes

Levels and vault maps discovered:
D:1:      doesnt_arrival_eight_statues, layout_loops_corners,
          serial_bayou_ford_a, glass_columns_c, palyth_stone_intersect,
          minmay_pentomino_t4
D:2:      layout_basic, uniq_natasha

Skill      XL: |  1 |
---------------+----+-----
Hexes          | 4 |  4.6
Short Blades   | |  1.1
Dodging        | |  2.6
Stealth        | |  4.4
Spellcasting   | |  2.8

Action                   || total
-------------------------++-------
Melee: Dagger            ||    56
       Punch             ||     1
 Cast: Ensorcelled Hiber ||     8
 Stab: Sleeping          ||     5
Armor: Robe              ||     3
Dodge: Dodged            ||    37
